 Dungeon Crawl Stone Soup version 0.29-a0-419-g77450f2 (webtiles) character file.

Game seed: 4378561494421414884

23 Think the Cutter (level 3, 0/26 HPs)
             Began as an Octopode Fighter on May 18, 2022.
             Was a Follower of Cheibriados.
             Slain by a kobold
             ... wielding a +0 dagger
              (4 damage)
             ... on level 1 of the Dungeon.
             The game lasted 00:01:26 (685 turns).

Think the Cutter (Octopode Fighter)                  Turns: 685, Time: 00:01:27

Health: 0/26       AC:  2    Str: 17    XL:     3   Next: 0%
Magic:  3/3        EV: 13    Int: 14    God:    Cheibriados [*.....]
Gold:   16         SH:  4    Dex: 13    Spells: 2/2 levels left

rFire   . . .      SeeInvis .   a - +0 rapier
rCold   . . .      Faith    .   b - +0 buckler
rNeg    . . .      Spirit   .   g - +1 hat
rPois   .          Reflect  .   (no amulet)
rElec   .          Harm     .   (no ring)
rCorr   .          Rampage  .   (no ring)
Will    .....                   (no ring)
Stlth   ++........              (no ring)
HPRegen 0.08/turn               (no ring)
MPRegen 0.08/turn               (no ring)
                                (no ring)
                                (no ring)

@: very slow
A: almost no armour, amphibious, 8 rings, camouflage 1, gelatinous body 1,
(nimble swimmer 1), tentacles
a: Renounce Religion, Bend Time


You were on level 1 of the Dungeon.
You worshipped Cheibriados.
Cheibriados was aware of your devotion.
You visited 1 branch of the dungeon, and saw 1 of its levels.

You collected 16 gold pieces.

Inventory:

Hand Weapons
 a - a +0 rapier (weapon)
Armour
 b - a +0 buckler (worn)
 g - a +1 hat (worn)
Jewellery
 d - a ring of fire
Scrolls
 f - a scroll of teleportation {unknown}
 h - a scroll of amnesia {unknown}
Potions
 c - a potion of might
 e - a potion of haste {unknown}


   Skills:
 - Level 3.0 Fighting
 * Level 3.3 Short Blades
 - Level 3.0 Dodging
 - Level 3.0 Shields


You had 2 spell levels left.
You didn't know any spells.
Your spell library was empty.

Dungeon Overview and Level Annotations

Branches:
Dungeon (1/15)

Altars:
Cheibriados


Innate Abilities, Weirdness & Mutations

You cannot wear most types of armour.
You are amphibious.
You can wear up to eight rings at the same time.
Your skin changes colour to match your surroundings (Stealth+).
Your rubbery body absorbs attacks. (AC +1, EV +1)
((You are camouflaged when in or above water. (Stealth+)))
You have tentacles for arms and can constrict up to eight enemies at once.


Message History

There are monsters nearby!
The kobold shouts!
A rat comes into view.
The kobold misses you. The kobold barely misses you.
The kobold closely misses you. The kobold closely misses you.
The kobold barely misses you. The kobold hits you with a +0 dagger.
The goblin shouts!
The kobold hits you with a +0 dagger. You block the kobold's attack.
The kobold hits you but does no damage. The kobold closely misses you.
The kobold misses you. The kobold hits you but does no damage.
The kobold hits you with a +0 dagger. The kobold hits you with a +0 dagger.
The kobold hits you with a +0 dagger. The kobold hits you with a +0 dagger.
The kobold closely misses you. You block the kobold's attack.
The kobold closely misses you. The kobold barely misses you.
You block the kobold's attack. The kobold misses you.
The kobold hits you with a +0 dagger. The kobold hits you with a +0 dagger.
The kobold barely misses you. The kobold hits you with a +0 dagger.
The kobold hits you but does no damage. The kobold hits you with a +0 dagger.
* * * LOW HITPOINT WARNING * * *
The kobold hits you with a +0 dagger.
* * * LOW HITPOINT WARNING * * *
The kobold hits you but does no damage. The kobold hits you with a +0 dagger.
* * * LOW HITPOINT WARNING * * *
The kobold hits you with a +0 dagger.
You die...

###..#.'P#
#....
#####P_.#####
####.
#P'P#P.## .
#. #.#.#.##
.. ## #.#P..#
... #.###8#
... #P....#
.. #####'#g#
#@Kr# #####


You could see a goblin, a kobold and a rat.

Vanquished Creatures
  2 endoplasms (D:1)
  A giant cockroach (D:1)
  A goblin (D:1)
  4 hobgoblins (D:1)
  A quokka (D:1)
  2 ball pythons (D:1)
  3 bats (D:1)
  A frilled lizard (D:1)
  3 kobolds (D:1)
  4 rats (D:1)
22 creatures vanquished.

Notes
Turn   | Place    | Note
-------+----------+-------------------------------------------
     0 | D:1      | Think the Octopode Fighter began the quest for the Orb.
     0 | D:1      | Reached XP level 1. HP: 16/16 MP: 1/1
   279 | D:1      | Reached XP level 2. HP: 21/21 MP: 2/2
   485 | D:1      | Reached XP level 3. HP: 22/26 MP: 3/3
   611 | D:1      | Found a faded altar of an unknown god.
   628 | D:1      | Prayed at the altar of an unknown god.
   628 | D:1      | Became a worshipper of Cheibriados the Contemplative
   628 | D:1      | Reached * piety under Cheibriados
   685 | D:1      | Slain by a kobold

Illustrated notes

Levels and vault maps discovered:
D:1:      ebering_hopf_link, layout_basic, shapermc_ecumenical_altar_ellora,
          serial_bayou_pond_e, minmay_misc_feat_five

Skill      XL: |  1  2 |
---------------+-------+-----
Short Blades   | 3 |  3.3
Fighting       | |  3.0
Dodging        | |  3.0
Shields        | |  3.0

Action                   || total
-------------------------++-------
Melee: Rapier            ||    37
       Constrict         ||    10
       Tentacles         ||     2
 Stab: Sleeping          ||     5
Armor: Skin              ||     6
Dodge: Dodged            ||    31
Block: Buckler           ||    11

Table legend: (Time is in decaauts)
 A = Elapsed time spent in this place.
 B = Non-inter-level travel time spent in this place.
 C = Inter-level travel time spent in this place.
 D = Time resting spent in this place.
 E = Time spent auto-exploring this place.
 F = Levels seen in this place.
 G = Mean time per level.
                   A        B        C        D        E       F      G
               +--------+--------+--------+--------+--------+-----+--------+
         Total |    694 |    691 |      3 |      0 |    510 |   1 |  694.0 |
       Dungeon |    694 |    691 |      3 |      0 |    510 |   1 |  694.0 |
               +--------+--------+--------+--------+--------+-----+--------+

Top non-repeatable levels by time:
     D:1: 694 daAuts
